 Dungeon Crawl Stone Soup version 0.30-b1-2-g02819fbbbe (webtiles) character file.

Game seed: 4394692566012874892

253 ketsa the Cudgeller (level 5, 0/47 HPs)
             Began as an Armataur Fighter on May 13, 2023.
             Was a Follower of Wu Jian.
             Succumbed to a scorpion's poison
             ... on level 5 of the Dungeon.
             The game lasted 00:07:25 (3552 turns).

ketsa the Cudgeller (Armataur Fighter)              Turns: 3552, Time: 00:07:26

Health: 0/47       AC:  7    Str: 23    XL:     5   Next: 90%
Magic:  5/5        EV:  7    Int:  9    God:    Wu Jian [*.....]
Gold:   223        SH:  4    Dex:  9    Spells: 4/4 levels left

rFire   . . .        a - +0 flail
rCold   . . .        c - +0 buckler
rNeg    . . .        b - +0 scale mail
rPois   .            (no helmet)
rElec   .            (no cloak)
rCorr   .            (no gloves)
SInv    .            (no barding)
Will    .....        (no amulet) Stlth
                     (no ring)
HPRegen 0.27/turn    (no ring)
MPRegen 0.09/turn

%: roll
@: mighty, lethally poisoned (0 -> -9)
A: large, rugged brown scales 3, deformed body, armoured tail, roll, long
tongue, awkward tongue
a: Renounce Religion


You were on level 5 of the Dungeon.
You worshipped Wu Jian.
Wu Jian was aware of your devotion.
You visited 1 branch of the dungeon, and saw 6 of its levels.

You collected 223 gold pieces.

Inventory:

Hand Weapons
 a - a +0 flail (weapon)
 o - a +1 mace of holy wrath
Missiles
 s - 6 poisoned darts (quivered)
 y - 5 javelins
Armour
 b - a +0 scale mail (worn)
 c - a +0 buckler (worn)
 m - a +2 leather armour of fire resistance
Jewellery
 p - an amulet of magic regeneration
Wands
 e - a wand of flame (5)
 t - a wand of charming (12)
 x - a wand of digging (6)
Scrolls
 g - 4 scrolls of teleportation
 h - 2 scrolls of noise {unknown}
 j - 2 scrolls of enchant weapon {unknown}
 l - a scroll of vulnerability {unknown}
 n - 2 scrolls of fog
 w - a scroll of torment {unknown}
Potions
 i - 2 potions of mutation
 k - a potion of cancellation
 q - 2 potions of attraction
 r - 2 potions of haste {unknown}
 u - a potion of flight {unknown}
 v - 2 potions of lignification {unknown}


   Skills:
 - Level 2.8 Fighting
 + Level 5.3 Maces & Flails
 - Level 3.8 Armour
 - Level 0.3 Dodging
 - Level 0.1 Stealth
 - Level 3.4 Shields


You had 4 spell levels left.
You didn't know any spells.
Your spell library contained the following spells:

 Spells                   Type           Power      Damage    Failure   Level
 Sandblast                Erth           0%         2d4       77%         1
 Blink                    Tloc           0%         N/A       88%         2
 Passwall                 Tmut/Erth      0%         N/A       88%         2
 Portal Projectile        Hex/Tloc       0%         N/A       98%         3
 Stone Arrow              Conj/Erth      0%         3d7       98%         3
 Tukima's Dance           Hex            0%         N/A       98%         3
 Manifold Assault         Tloc           0%         N/A       100%        4
 Summon Lightning Spire   Summ/Air       0%         N/A       100%        4
 Blade Hands              Tmut           0%         N/A       100%        5
 Storm Form               Tmut/Air       0%         N/A       100%        7
 Maxwell's Capacitive Co  Air            0%         ∞         100%        8


Dungeon Overview and Level Annotations

Branches:
Dungeon (6/15)
 Temple: D:4-7

Altars:
Wu Jian


Innate Abilities, Weirdness & Mutations

You are completely covered in rugged brown scales. (AC +3, +7% HP)
Armour fits poorly on your strangely shaped body.
You have a long armoured tail.
You roll when moving toward enemies. (Rampage)
Your long tongue fully drains potion bottles. (2x potion effects)
Your tongue gives you trouble enunciating. (1.5x scroll delay)


Message History

The scorpion is lightly wounded.
You feel very sick. The scorpion stings you.
You are more poisoned.
The scorpion poisons you! You block the scorpion's attack.
You completely miss the scorpion.
The scorpion is lightly wounded.
You feel very sick.
The scorpion stings you but does no damage.
You barely miss the scorpion.
You tail-slap the scorpion, but do no damage.
The scorpion is lightly wounded.
You feel very sick. The scorpion stings you.
* * * LOW HITPOINT WARNING * * *
You closely miss the scorpion.
The scorpion is lightly wounded.
* * * LOW HITPOINT WARNING * * *
You feel very sick.
The scorpion stings you but does no damage.
The scorpion stings you.
* * * LOW HITPOINT WARNING * * *
You feel better.
You slurp down every last drop of the potion of curing!
The scorpion stings you.
* * * LOW HITPOINT WARNING * * *
You feel very mighty all of a sudden.
You slurp down every last drop of the potion of might!
The scorpion stings you.
* * * LOW HITPOINT WARNING * * *
You are lethally poisoned!
The scorpion poisons you!
You closely miss the scorpion.
The scorpion is lightly wounded.
* * * LOW HITPOINT WARNING * * *
You feel very sick.
The scorpion stings you but does no damage. x2
You closely miss the scorpion.
The scorpion is lightly wounded.
You die...

##### #.#
#...###.##
#.)#...#
##)....#
##....# ##...#
##..#####..
##......?..#
#..@........
#...s.......#
#...$..#####.#
#...##...# #
#### #...#
#...# #...#
....#


You could see a scorpion.

Vanquished Creatures
  A phantom (D:5)
  A hound (D:4)
  An iguana (D:6)
  An orc wizard (D:5)
  3 adders (D:2)
  A white imp (D:6)
  2 worms
  2 dart slugs
  3 orcs
  2 ball pythons (D:2)
  2 bats
  7 endoplasms
  A giant cockroach (D:4)
  6 goblins
  3 hobgoblins
  3 jackals (D:3)
  2 kobolds
  3 quokkas (D:3)
  2 frilled lizards
  4 rats
50 creatures vanquished.

Vanquished Creatures (others)
  2 plants (D:3)
2 creatures vanquished.

Grand Total: 52 creatures vanquished

Notes
Turn   | Place    | Note
-------+----------+-------------------------------------------
     0 | D:1      | ketsa the Armataur Fighter began the quest for the Orb.
     0 | D:1      | Reached XP level 1. HP: 19/19 MP: 1/1
   380 | D:1      | Reached skill level 2 in Maces & Flails
   622 | D:1      | Reached XP level 2. HP: 26/26 MP: 2/2
  1430 | D:2      | Reached XP level 3. HP: 31/32 MP: 3/3
  1458 | D:2      | Reached skill level 3 in Maces & Flails
  2274 | D:3      | Reached XP level 4. HP: 39/39 MP: 4/4
  2800 | D:3      | Found a faded altar of an unknown god.
  2803 | D:3      | Prayed at the altar of an unknown god.
  2803 | D:3      | Became a worshipper of the Wu Jian Council
  2803 | D:3      | Reached * piety under Wu Jian
  2924 | D:4      | Reached skill level 4 in Maces & Flails
  3029 | D:4      | You fall into a shaft and drop 2 floors!
  3105 | D:6      | Identified the +0 robe "Qenle" {*Corrode Int+3}
  3122 | D:6      | Reached XP level 5. HP: 28/47 MP: 5/5
  3321 | D:5      | Entered Level 5 of the Dungeon
  3341 | D:5      | Noticed a phantom
  3358 | D:5      | Killed a phantom
  3359 | D:5      | Reached skill level 5 in Maces & Flails
  3552 | D:5      | Succumbed to a scorpion's poison

Illustrated notes

Levels and vault maps discovered:
D:1:      dpeg_arrival_pits, layout_basic, roderic_nine_men_s_morris,
          hangedman_abyss_or_decor_lesser_grid
D:2:      layout_basic
D:3:      layout_basic, serial_glass, glass_columns_b, glass_columns_b,
          glass_columns_a, glass_columns_b,
          shapermc_ecumenical_altar_mp_vishouse, chequers_garden, minivault_26,
          guppyfry_early_lair_pool
D:4:      layout_basic, supply_closet_lemuel
D:5:      layout_loops_cross, nemelex_diamond_rough_becter, temple_green,
          uniq_edmund
D:6:      layout_cave_pods, nicolae_uskayaw_en_pointe, uniq_sigmund

Skill      XL: |  1  2  3  4  5 |
---------------+----------------+-----
Maces & Flails | 2 3 4 5 |  5.3
Fighting       | |  2.8
Armour         | |  3.8
Dodging        | |  0.3
Stealth        | |  0.1
Shields        | |  3.4

Action                     |  1- 3 |  4- 6 || total
---------------------------+-------+-------++-------
  Melee: Flail             |    94 |    98 ||   192
         Tailslap          |    10 |     9 ||    19
Ability: Whirlwind         |       |     3 ||     3
    Use: Scroll            |     1 |     5 ||     6
         Potion            |     1 |     6 ||     7
 Armour: Scale mail        |    48 |    61 ||   109
  Dodge: Dodged            |    25 |    41 ||    66
  Block: Buckler           |    11 |    21 ||    32
